 Dungeon Crawl Stone Soup version 0.21.1-1-g345015f (webtiles) character file.

78 Clueless the Charmwright (level 4, -3/29 HPs)
             Began as a Halfling Skald on Mar 30, 2018.
             Was an Initiate of Okawaru.
             Killed by divine providence
             ... invoked by an orc priest
              (13 damage)
             ... on level 3 of the Dungeon.
             The game lasted 00:07:33 (2752 turns).

Clueless the Charmwright (Halfling Skald)           Turns: 2752, Time: 00:07:33

Health: -3/29      AC:  4    Str: 12    XL:     4   Next: 61%
Magic:  4/6        EV: 14    Int: 11    God:    Okawaru [......]
Gold:   122        SH:  0    Dex: 14    Spells: 3/6 levels left

rFire    . . .     SeeInvis .   a - +0 short sword
rCold    . . .     Gourm    .   (shield restricted)
rNeg     . . .     Faith    .   m - +0 leather armour
rPois    .         Spirit   .   (no helmet)
rElec    .         Reflect  .   (no cloak)
rCorr    .         Harm     .   q - +0 pair of gloves
MR       .....                  (no boots)
Stlth    +.........             (no amulet)
HPRegen  0.09/turn              (no ring)
MPRegen  0.10/turn              (no ring)

@: infused
A: small, mutation resistance 1
a: Renounce Religion


You were on level 3 of the Dungeon.
You worshipped Okawaru.
Okawaru was noncommittal.
You were not hungry.

You visited 1 branch of the dungeon, and saw 3 of its levels.

You collected 122 gold pieces.

Inventory:

Hand Weapons
 a - a +0 short sword (weapon)
 b - a +0 hunting sling
Missiles
 p - 51 stones (quivered)
Armour
 m - a +0 leather armour (worn)
 q - a +0 pair of gloves (worn)
Scrolls
 g - 3 scrolls of identify {unknown}
 h - 2 scrolls of teleportation {unknown}
 j - a scroll of magic mapping {unknown}
 l - a scroll of remove curse {unknown}
 o - a scroll of immolation {unknown}
Potions
 e - a potion of cancellation {unknown}
 f - a potion of lignification {unknown}
 i - a potion of curing {unknown}
 k - a potion of invisibility {unknown}
 n - a potion of magic {unknown}
 r - a potion of degeneration {unknown}
Books
 c - a book of Battle

   Spells                             Type                      Level
   a - Infusion                       Charms                       1
   b - Shroud of Golubria             Charms/Translocation         2
   c - Song of Slaying                Charms                       2
   d - Spectral Weapon                Hexes/Charms                 3
   e - Regeneration                   Charms/Necromancy            3
Comestibles
 d - 2 rations


   Skills:
 + Level 2.1 Fighting
 * Level 3.3 Short Blades
 + Level 0.0 Slings
 + Level 1.9 Armour
 + Level 2.5 Dodging
 + Level 1.9 Spellcasting
 * Level 4.0 Charms


You had 3 spell levels left.
You knew the following spells:

 Your Spells              Type           Power        Failure   Level  Hunger
a - Infusion              Chrm           #...         7%          1    ##.....
b - Shroud of Golubria    Chrm/Tloc      #.........   24%         2    ###....


Dungeon Overview and Level Annotations

Branches:
Dungeon (3/15)

Altars:
Dithmenos
Fedhas
Gozag
Okawaru
Qazlal
Sif Muna
Yredelemnul
The Shining One


Innate Abilities, Weirdness & Mutations

You are small and have problems with some larger weapons.
You are somewhat resistant to further mutation.


Message History

The orc priest misses you.
You closely miss the orc priest. The orc priest barely misses you.
You closely miss the orc priest.
The orc priest casts a cantrip, but nothing happens.
You hit the orc priest.
The orc priest is lightly wounded.
The orc priest misses you.
You closely miss the orc priest.
The orc priest is lightly wounded.
The orc priest hits you but does no damage.
You hit the orc priest but do no damage.
The orc priest is lightly wounded.
The orc priest mumbles some strange prayers to Beogh against you.
Beogh smites you!
You closely miss the orc priest.
The orc priest is lightly wounded.
The orc priest hits you but does no damage.
The orc priest mumbles some strange prayers to Beogh against you.
Beogh smites you!
You die...

#.#.#
####o#o#
#....#.#
#.####.#
#o####.#
#.#..#.#
#.#..#.#
#o#..#
#.#@)#
#(##.#
#...o#
######


You could see an orc priest.

Vanquished Creatures
  2 adders (D:2)
  An ooze (D:1)
  2 worms (D:2)
  2 orcs
  2 ball pythons (D:1)
  A giant cockroach (D:1)
  9 goblins
  4 hobgoblins
  2 jackals (D:2)
  3 kobolds
  A quokka (D:2)
  5 bats
  3 frilled lizards
  11 rats
48 creatures vanquished.

Notes
Turn   | Place    | Note
-------+----------+-------------------------------------------
     0 | D:1      | Clueless the Halfling Skald began the quest for the Orb.
     0 | D:1      | Reached XP level 1. HP: 14/14 MP: 3/3
   131 | D:1      | Reached XP level 2. HP: 19/19 MP: 4/4
   135 | D:1      | Learned a level 2 spell: Shroud of Golubria
   552 | D:1      | Reached XP level 3. HP: 17/24 MP: 5/5
  1337 | D:2      | Found a faded altar of an unknown god.
  1373 | D:2      | Became a worshipper of Yredelemnul the Dark
  1373 | D:2      | Reached * piety under Yredelemnul
  1375 | D:2      | Fell from the grace of Yredelemnul
  1439 | D:2      | Reached XP level 4. HP: 21/29 MP: 1/6
  2032 | D:2      | Found a basalt altar of Yredelemnul.
  2037 | D:2      | Found an opulent altar of Gozag.
  2042 | D:2      | Found a glowing golden altar of the Shining One.
  2050 | D:2      | Found a deep blue altar of Sif Muna.
  2054 | D:2      | Found an iron altar of Okawaru.
  2059 | D:2      | Found a stormy altar of Qazlal.
  2065 | D:2      | Became a worshipper of Warmaster Okawaru
  2079 | D:2      | Found a shadowy altar of Dithmenos.
  2157 | D:2      | Found a blossoming altar of Fedhas.
  2744 | D:3      | Reached skill level 4 in Charms
  2752 | D:3      | Killed from afar by an orc priest

Skill      XL: |  1  2  3  4 |
---------------+-------------+-----
Short Blades   | 3 |  3.3
Fighting       | 2 |  2.1
Charms         | 4 |  4.0
Armour         | |  1.9
Dodging        | |  2.5
Spellcasting   | |  1.9

Action                   |  1- 3 |  4- 6 || total
-------------------------+-------+-------++-------
Melee: Short sword       |   110 |    62 ||   172
 Cast: Infusion          |     4 |     5 ||     9
Invok: Renounce Religion |     1 |       ||     1
  Eat: Chunk             |     2 |     4 ||     6
Armor: Leather armour    |    23 |     3 ||    26
Dodge: Dodged            |   109 |    40 ||   149
